 Dungeon Crawl Stone Soup version 0.23-a0-451-g1044d4c (webtiles) character file.

2776 RoseArtemis the Ruffian (level 9, -2/88 HPs)
             Began as a Troll Berserker on Nov 23, 2018.
             Was a High Priest of Trog.
             Slain by an unseen horror (7 damage)
             ... on level 7 of the Dungeon.
             The game lasted 00:12:10 (5550 turns).

RoseArtemis the Ruffian (Troll Berserker)           Turns: 5550, Time: 00:12:11

Health: -2/88      AC:  6    Str: 27    XL:     9   Next: 42%
Magic:  8/8        EV:  7    Int:  6    God:    Trog [*****.]
Gold:   232        SH: 16    Dex:  9    Spells: 8/8 levels left

rFire    . . .     SeeInvis .     - Unarmed
rCold    . . .     Gourm    +   h - +0 large shield
rNeg     . . .     Faith    .   k - +0 robe
rPois    .         Spirit   .   (helmet restricted)
rElec    .         Reflect  .   m - +0 cloak
rCorr    .         Harm     .   (gloves unavailable)
MR       .....                  (boots unavailable)
Stlth    +.........             (no amulet)
HPRegen  0.64/turn              (no ring)
MPRegen  0.11/turn              (no ring)

@: very slightly contaminated
A: large, unfitting armour, claws 3, fast metabolism 3, gourmand, regeneration
1, shaggy fur 1, tough skin 2
a: Berserk, Trog's Hand, Brothers in Arms, Renounce Religion


You were on level 7 of the Dungeon.
You worshipped Trog.
Trog was extremely pleased with you.
You were full.

You visited 2 branches of the dungeon, and saw 8 of its levels.

You collected 332 gold pieces.
You spent 100 gold pieces at shops.

Inventory:

Armour
 h - a +0 large shield (worn)
 k - a +0 robe (worn)
 m - a +0 cloak (worn)
Jewellery
 e - an uncursed ring of fire
 q - a cursed -3 ring of strength {unknown}
Wands
 p - a wand of flame (19)
 t - a wand of clouds (5)
 u - a wand of paralysis (8)
Scrolls
 n - 2 scrolls of fear {unknown}
 o - a scroll of remove curse {unknown}
 s - a scroll of fog
Potions
 a - 2 potions of curing {unknown}
 c - a potion of might
 d - a potion of cancellation {unknown}
 g - 2 potions of flight
 i - 2 potions of berserk rage
 j - a potion of degeneration {unknown}
 r - a potion of agility {unknown}
Comestibles
 b - 8 rations


   Skills:
 + Level 5.5 Fighting
 + Level 4.7 Throwing
 - Level 3.0 Dodging
 * Level 6.4 Shields
 + Level 6.8 Unarmed Combat


You had 8 spell levels left.
You didn't know any spells.
Your spell library was empty.

Dungeon Overview and Level Annotations

Branches:
Dungeon (7/15)             Temple (1/1) D:4

Altars:
Cheibriados
Dithmenos
Fedhas
Gozag
Hepliaklqana
Makhleb
Nemelex Xobeh
Qazlal
Ru
Sif Muna
Uskayaw
Vehumet
Wu Jian
Xom
Yredelemnul
Zin
The Shining One

Shops:
D:6 }


Innate Abilities, Weirdness & Mutations

You are too large for most types of armour.
You have claws for hands.
Your metabolism is lightning-fast.
You like to eat raw meat.
Your natural rate of healing is unusually fast.
You are covered in fur. (AC +1)
You have very tough skin. (AC +2)


Message History

The crimson imp hits you with the +7 long sword "Yrhohuva" {flame, rN+ MP-9
* * * LOW HITPOINT WARNING * * *
The crimson imp burns you.
* * * LOW HITPOINT WARNING * * *
The ogre barely misses you.
You block the green ugly thing's attack.
The bullfrog hits you.
* * * LOW HITPOINT WARNING * * *
Blink to where?
You are very lightly contaminated with residual magic.
As you read the scroll of blinking, it crumbles to dust.
You block something's attack. Something hits you.
* * * LOW HITPOINT WARNING * * *
Something hits you!
* * * LOW HITPOINT WARNING * * *
Something hits you!
* * * LOW HITPOINT WARNING * * *
Something hits you!
You die...

##..#.............#......#
##.........#.##..######.#
########....##..####...#
#.#...<.......###
#.#..##..#††..#
#.........<#.##
#....##....#.# ..
#.#........#.#
###.###..#..@......#
##.....##..#{#.......
##.......##..F#.######
##.........##..#.#
#.......?...#.)..#
#...........#..#.#
..s...u5.F.....#.#
#......O....#..#.#
#...........#..#.#


You could see a bullfrog.

Vanquished Creatures
  Prince Ribbit (D:5)
  The ghost of sergedm the Magician, an amateur DECj (D:5)
  A sky beast (D:5)
  A black bear (D:6)
  2 orc warriors (D:6)
  2 phantoms
  An ice beast (D:6)
  2 ogres
  2 centaurs (D:6)
  A big kobold (D:4)
  3 bullfrogs
  A scorpion (D:6)
  6 killer bees
  A howler monkey (D:5)
  A crimson imp (D:6)
  2 hounds
  A centaur skeleton (D:5)
  2 orc priests
  Crazy Yiuf (D:2)
  7 orc wizards
  4 bullfrog skeletons
  2 worker ants
  A worker ant zombie (D:6)
  3 gnolls (D:4)
  8 adders
  3 shadow imps
  An ooze (D:1)
  4 adder skeletons
  A worm (D:2)
  2 dart slugs
  5 leopard geckos
  18 orcs
  2 ball pythons
  7 bats
  8 giant cockroaches
  13 goblins
  11 hobgoblins
  17 jackals
  2 quokkas
  7 frilled lizards
  13 kobolds
  2 quokka skeletons (D:4)
  16 rats
  A spectral orc (D:2)
  A bush (D:2)
191 creatures vanquished.

Vanquished Creatures (others)
  A plant (D:4)
1 creature vanquished.

Grand Total: 192 creatures vanquished

Notes
Turn   | Place    | Note
-------+----------+-------------------------------------------
     0 | D:1      | RoseArtemis the Troll Berserker began the quest for the
                  | Orb.
     0 | D:1      | Reached XP level 1. HP: 22/22 MP: 0/0
   105 | D:1      | Reached XP level 2. HP: 28/29 MP: 1/1
   400 | D:1      | Reached ** piety under Trog
   401 | D:1      | Reached XP level 3. HP: 36/36 MP: 2/2
  1025 | D:2      | Reached XP level 4. HP: 31/45 MP: 3/3
  1508 | D:2      | Reached skill level 1 in Shields
  1624 | D:2      | Found a basalt altar of Yredelemnul.
  1659 | D:2      | Found a shadowy altar of Dithmenos.
  1843 | D:2      | Found a runed door.
  1847 | D:2      | Noticed Crazy Yiuf
  1851 | D:2      | Killed Crazy Yiuf
  1851 | D:2      | Reached XP level 5. HP: 53/53 MP: 4/4
  1930 | D:2      | Reached *** piety under Trog
  1983 | D:3      | Reached skill level 1 in Throwing
  2167 | D:3      | Found a burning altar of Makhleb.
  2170 | D:3      | Found a glowing silver altar of Zin.
  2170 | D:3      | Noticed an angel
  2171 | D:3      | Noticed a balrug
  2179 | D:3      | Found an opulent altar of Gozag.
  2479 | D:4      | Reached XP level 6. HP: 60/61 MP: 5/5
  2525 | D:4      | Found a staircase to the Ecumenical Temple.
  2548 | Temple   | Entered the Ecumenical Temple
  3117 | D:4      | Reached **** piety under Trog
  3344 | D:4      | Reached XP level 7. HP: 62/68 MP: 6/6
  3758 | D:5      | Entered Level 5 of the Dungeon
  3764 | D:5      | Reached skill level 5 in Unarmed Combat
  4071 | D:5      | Reached XP level 8. HP: 78/79 MP: 7/7
  4107 | D:5      | Found a stormy altar of Qazlal.
  4107 | D:5      | Noticed Prince Ribbit
  4123 | D:5      | Killed Prince Ribbit
  4223 | D:5      | Found a large runed door.
  4223 | D:5      | Found a large runed door.
  4224 | D:5      | Noticed sergedm's ghost (amateur DECj)
  4461 | D:5      | Killed sergedm's ghost
  4566 | D:6      | Found a radiant altar of Vehumet.
  4568 | D:6      | Reached skill level 5 in Shields
  4629 | D:6      | Reached skill level 5 in Fighting
  4671 | D:6      | Reached XP level 9. HP: 62/88 MP: 8/8
  4709 | D:5      | Received a gift from Trog
  4842 | D:6      | Reached ***** piety under Trog
  5227 | D:6      | Found Otsoj's Gadget Boutique.
  5239 | D:6      | Bought a wand of paralysis (8) for 100 gold pieces
  5472 | D:7      | Found a sparkling altar of Nemelex Xobeh.
  5474 | D:7      | Found a basalt altar of Yredelemnul.
  5474 | D:7      | Found a stormy altar of Qazlal.
  5476 | D:7      | Found a sacrificial altar of Ru.
  5476 | D:7      | Found a shimmering altar of Xom.
  5476 | D:7      | Found an ornate altar of the Wu Jian Council.
  5537 | D:7      | Noticed a green ugly thing
  5539 | D:7      | Identified the +7 long sword "Yrhohuva" {flame, rN+ MP-9
                  | Str+4 Dex+3}
  5549 | D:7      | HP: 4/88 [something (11)]
  5550 | D:7      | Slain by an unseen horror

Vault maps used:
D:1:      onia_arrival_larder
D:2:      yredelemnul_forgotten_temple_becter,
          nicolae_dithmenos_through_a_glass_darkly, minmay_cupped,
          uniq_crazy_yiuf_cottage
D:3:      grunt_temple_overflow_order_and_chaos_2, grunt_gozag_statues
D:4:      nicolae_overflow_hidden_temple, temple_green, lexackson_kobold_supper
D:5:      grunt_qazlal_clouds, first_ration, ebering_ghost_disaster_area,
          saegor_snake_ambush, uniq_prince_ribbit1
D:6:      serial_shops, nicolae_shop_statue_plus, vehumet_altar_wand_db
D:7:      minmay_the_grid_octo_tiled_squarecenter, doesnt_xom_only_xom,
          elyvilon_altar_1, ashenzari_conservatory_becter
Temple:   compressed_dpeg_triangle_lava_temple

Skill      XL: |  1  2  3  4  5  6  7  8  9 |
---------------+----------------------------+-----
Fighting       | 3 4 5 |  5.5
Dodging        | 3 |  3.0
Unarmed Combat | 4 5 6 |  6.8
Shields        | 1 2 3 4 5 6 |  6.4
Throwing       | 1 2 3 4 |  4.7

Action                   |  1- 3 |  4- 6 |  7- 9 || total
-------------------------+-------+-------+-------++-------
Melee: Unarmed           |    98 |   253 |   270 ||   621
Invok: Berserk           |       |     4 |     7 ||    11
       Trog's Hand       |       |       |     3 ||     3
  Use: Scroll            |       |     7 |     4 ||    11
       Potion            |       |       |     2 ||     2
 Stab: Sleeping          |     1 |       |       ||     1
       Distracted        |       |       |     1 ||     1
  Eat: Chunk             |    15 |    24 |    28 ||    67
Armor: Animal skin       |    36 |    18 |       ||    54
       Robe              |       |    38 |    61 ||    99
Dodge: Dodged            |    33 |    45 |    55 ||   133
Block: Large shield      |    16 |   174 |   296 ||   486

Table legend:
 A = Non-vault XP
 B = Vault XP
 C = Vault XP percentage of total XP
 D = Non-vault monster count
 E = Vault monster count
 F = Vault count percentage of total count
                 A         B        C        D         E       F
            +---------+---------+-------+---------+---------+-------
      Total |    3224 |     742 |  18.7 |     169 |      21 |  11.1
            +---------+---------+-------+---------+---------+-------
        D:1 |      71 |       8 |  10.1 |      38 |       6 |  13.6
        D:2 |      94 |      47 |  33.3 |      30 |       5 |  14.3
        D:3 |     151 |       0 |   0.0 |      20 |       0 |   0.0
        D:4 |     383 |     102 |  21.0 |      23 |       5 |  17.9
        D:5 |     697 |     470 |  40.3 |      19 |       3 |  13.6
        D:6 |    1547 |       2 |   0.1 |      35 |       1 |   2.8
        D:7 |     281 |     113 |  28.7 |       4 |       1 |  20.0
            +---------+---------+-------+---------+---------+-------
